| TOP OF THE 1ST |
|
Bozeman Pheasants batting - Pitching for Magic Valley Magicians : RHP Bill Boddy
|
|
Pitching: RHP Bill Boddy
|
|
|
Batting: LHB Kal Daniels
|
0-0: Called Strike 0-1: DOUBLE (Flyball, 8LXD, EV 95.6 MPH)
|
|
Batting: SHB Marlin Methven
|
0-0: Foul Ball, location: 2F 0-1: Called Strike 0-2: Foul Ball, location: 2F 0-2: Ball 1-2: Foul Ball, location: 2F 1-2: Foul Ball, location: 2F 1-2: Foul Ball, location: 2F 1-2: Ground out 3-1 (Groundball, 34, EV 100.0 MPH) Kal Daniels to third
|
|
Batting: LHB Fred McGriff
|
0-0: Called Strike 0-1: Ball Wild Pitch! Kal Daniels scores 1-1: Ball 2-1: Ball 3-1: Base on Balls
|
|
Batting: RHB Terry McGriff
|
0-0: Called Strike 0-1: Called Strike 0-2: Fly out, F4 (Flyball, 3D, EV 82.5 MPH)
|
|
Batting: LHB Russ Orrick
|
0-0: Swinging Strike 0-1: Ball 1-1: DOUBLE (Line Drive, 78M, EV 105.6 MPH) Fred McGriff to third Runner from 3rd tries for Home, SAFE, no throw by CF
|
|
Batting: LHB Billy Fink
|
0-0: Ground out 6-3 (Groundball, 6, EV 83.8 MPH)
|
| Top of the 1st over - 2 runs, 2 hits, 0 errors, 1 left on base; Bozeman 2 - Magic Valley 0 |
| BOTTOM OF THE 1ST |
|
Magic Valley Magicians batting - Pitching for Bozeman Pheasants : RHP Tim Dodd
|
|
Pitching: RHP Tim Dodd
|
|
|
Batting: RHB Willie Lozado
|
0-0: Ball 1-0: SINGLE (Flyball, 34D, EV 85.0 MPH)
|
|
Batting: RHB Marlin McPhail
|
0-0: Ball 1-0: Swinging Strike 1-1: Fly out, F7 (Flyball, 7LS, EV 70.6 MPH)
|
|
Batting: RHB Matt Cimo
|
0-0: 2-RUN HOME RUN (Flyball, 89XD, EV 96.3 MPH), Distance : 383 ft
|
|
Batting: RHB Jason Felice
|
0-0: Ball 1-0: Called Strike 1-1: Ball 2-1: Fly out, F8 (Line Drive, 8RM, EV 85.0 MPH)
|
|
Batting: RHB Terry Steinbach
|
0-0: Ball 1-0: Swinging Strike 1-1: Ground out 5-3 (Groundball, 56S, EV 78.1 MPH)
|
| Bottom of the 1st over - 2 runs, 2 hits, 0 errors, 0 left on base; Bozeman 2 - Magic Valley 2 |
| TOP OF THE 2ND |
|
Bozeman Pheasants batting - Pitching for Magic Valley Magicians : RHP Bill Boddy
|
|
Batting: RHB Tom Duggan
|
0-0: Ball 1-0: Fly out, F5 (Line Drive, 5, EV 68.8 MPH)
|
|
Batting: RHB Greg Toler
|
0-0: Ball 1-0: Ball 2-0: Ground out 5-3 (Groundball, 5S, EV 82.5 MPH)
|
|
Batting: RHB John Duncan
|
0-0: Foul Ball, location: 2F 0-1: Ball 1-1: Ground out 1-3 (Groundball, 15S, EV 66.3 MPH)
|
| Top of the 2nd over - 0 runs, 0 hits, 0 errors, 0 left on base; Bozeman 2 - Magic Valley 2 |
| BOTTOM OF THE 2ND |
|
Magic Valley Magicians batting - Pitching for Bozeman Pheasants : RHP Tim Dodd
|
|
Batting: RHB Kevin Ward
|
0-0: Ball 1-0: Called Strike 1-1: Foul Ball, location: 2F 1-2: DOUBLE (Line Drive, 9LS, EV 97.5 MPH)
|
|
Batting: RHB Hank Landers
|
0-0: Swinging Strike 0-1: Ball 1-1: DOUBLE (Line Drive, 78XD, EV 101.9 MPH) Kevin Ward scores
|
|
Batting: RHB Terry Edwards
|
0-0: Called Strike 0-1: Foul Ball, location: 2F 0-2: Ball 1-2: Ball 2-2: Ball 3-2: Fly out, F8 (Flyball, 8RD, EV 104.4 MPH)
|
|
Batting: RHB Kenny Houp
|
0-0: Called Strike 0-1: Ball 1-1: Ball 2-1: Ground out 4-3 (Groundball, 4, EV 86.9 MPH) Hank Landers to third
|
|
Batting: RHB Willie Lozado
|
0-0: Ball 1-0: SINGLE (Groundball, 6D, EV 103.8 MPH) Hank Landers scores
|
|
Batting: RHB Marlin McPhail
|
0-0: Called Strike 0-1: Foul Ball, location: 2F 0-2: Foul Ball, location: 2F 0-2: Fly out, F5 (Popup, 25, EV 84.4 MPH)
|
| Bottom of the 2nd over - 2 runs, 3 hits, 0 errors, 1 left on base; Bozeman 2 - Magic Valley 4 |
| TOP OF THE 3RD |
|
Bozeman Pheasants batting - Pitching for Magic Valley Magicians : RHP Bill Boddy
|
|
Batting: LHB Kal Daniels
|
0-0: Called Strike 0-1: Bunt missed! 0-2: Foul Ball, location: 2F 0-2: Ground out 3-1 (Groundball, 34S, EV 69.4 MPH)
|
|
Batting: SHB Marlin Methven
|
0-0: Ball 1-0: Ball 2-0: Ball 3-0: Called Strike 3-1: Base on Balls
|
|
Batting: LHB Fred McGriff
|
0-0: Called Strike 0-1: Ball 1-1: Ball 2-1: Ball 3-1: Base on Balls Marlin Methven to second
|
|
Batting: RHB Terry McGriff
|
0-0: Foul Ball, location: 2F 0-1: Ball 1-1: Ball 2-1: Fly out, F9 (Flyball, 9S, EV 96.3 MPH)
|
|
Batting: LHB Russ Orrick
|
0-0: Called Strike 0-1: Ball 1-1: Ball 2-1: Ball 3-1: Called Strike 3-2: Base on Balls Marlin Methven to third Fred McGriff to second
|
|
Batting: LHB Billy Fink
|
0-0: Called Strike 0-1: Swinging Strike 0-2: Fly out, F7 (Flyball, 7S, EV 85.6 MPH)
|
| Top of the 3rd over - 0 runs, 0 hits, 0 errors, 3 left on base; Bozeman 2 - Magic Valley 4 |
| BOTTOM OF THE 3RD |
|
Magic Valley Magicians batting - Pitching for Bozeman Pheasants : RHP Tim Dodd
|
|
Batting: RHB Matt Cimo
|
0-0: Called Strike 0-1: Ball 1-1: Ball 2-1: Foul Ball, location: 2F 2-2: Ground out 5-3 (Groundball, 5L, EV 88.8 MPH)
|
|
Batting: RHB Jason Felice
|
0-0: Called Strike 0-1: Fly out, F9 (Flyball, 9, EV 93.8 MPH)
|
|
Batting: RHB Terry Steinbach
|
0-0: Swinging Strike 0-1: Fly out, F8 (Flyball, 8LD, EV 106.9 MPH)
|
| Bottom of the 3rd over - 0 runs, 0 hits, 0 errors, 0 left on base; Bozeman 2 - Magic Valley 4 |
| TOP OF THE 4TH |
|
Bozeman Pheasants batting - Pitching for Magic Valley Magicians : RHP Bill Boddy
|
|
Batting: RHB Tom Duggan
|
0-0: Ball 1-0: Foul Ball, location: 2F 1-1: Swinging Strike 1-2: Fly out, F7 (Flyball, 78M, EV 88.8 MPH)
|
|
Pitching: RHP Manny Ramirez
|
|
|
Batting: RHB Greg Toler
|
0-0: Swinging Strike 0-1: Ball 1-1: Ball 2-1: Ball 3-1: Foul Ball, location: 2F 3-2: Foul Ball, location: 2F 3-2: Foul Ball, location: 2F 3-2: Base on Balls
|
|
Batting: RHB John Duncan
|
0-0: Fly out, F9 (Flyball, 9, EV 81.3 MPH)
|
|
Batting: LHB Kal Daniels
|
0-0: Called Strike 0-1: 2-RUN HOME RUN (Flyball, 89XD, EV 100.6 MPH), Distance : 433 ft
|
|
Batting: SHB Marlin Methven
|
0-0: Ball 1-0: Reached on error, E4 (Popup, 13, EV 78.8 MPH)
|
|
Batting: LHB Fred McGriff
|
0-0: Ball 1-0: Ball 2-0: 2-RUN HOME RUN (Flyball, 9D, EV 96.9 MPH), Distance : 391 ft
|
|
Batting: RHB Terry McGriff
|
0-0: Called Strike 0-1: Ground out 6-3 (Groundball, 6M, EV 86.3 MPH)
|
| Top of the 4th over - 4 runs, 2 hits, 1 error, 0 left on base; Bozeman 6 - Magic Valley 4 |
| BOTTOM OF THE 4TH |
|
Magic Valley Magicians batting - Pitching for Bozeman Pheasants : RHP Tim Dodd
|
|
Batting: RHB Kevin Ward
|
0-0: Called Strike 0-1: Ball 1-1: Foul Ball, location: 2F 1-2: Strikes out swinging
|
|
Batting: RHB Hank Landers
|
0-0: Ball 1-0: SINGLE (Flyball, 8RS, EV 86.3 MPH)
|
|
Batting: RHB Terry Edwards
|
0-0: Ball 1-0: Foul Ball, location: 2F 1-1: Swinging Strike 1-2: Ball 2-2: Fly out, F9 (Flyball, 9D, EV 99.4 MPH)
|
|
Batting: RHB Kenny Houp
|
0-0: Ball 1-0: Called Strike 1-1: Swinging Strike 1-2: Hit by Pitch Hank Landers to second
|
|
Batting: RHB Willie Lozado
|
0-0: Called Strike 0-1: Ball 1-1: SINGLE (Groundball, 5S, EV 64.4 MPH) (infield hit) Hank Landers to third Kenny Houp to second
|
|
Batting: RHB Marlin McPhail
|
0-0: Fly out, F7 (Flyball, 7, EV 91.3 MPH)
|
| Bottom of the 4th over - 0 runs, 2 hits, 0 errors, 3 left on base; Bozeman 6 - Magic Valley 4 |
| TOP OF THE 5TH |
|
Bozeman Pheasants batting - Pitching for Magic Valley Magicians : RHP Manny Ramirez
|
|
Batting: LHB Russ Orrick
|
0-0: Swinging Strike 0-1: SINGLE (Groundball, 6S, EV 70.0 MPH) (infield hit)
|
|
Batting: LHB Billy Fink
|
0-0: Called Strike 0-1: Ball 1-1: Ball 2-1: Ball 3-1: Base on Balls Russ Orrick to second
|
|
Batting: RHB Tom Duggan
|
0-0: Ball 1-0: SINGLE (Groundball, 3D, EV 102.5 MPH) Russ Orrick to third Billy Fink to second Runner from 3rd tries for Home, SAFE, throw by RF to home
|
|
Batting: RHB Greg Toler
|
0-0: Grounds into double play, 6-4-3 (Groundball, 6, EV 83.1 MPH) Billy Fink to third
|
|
Batting: RHB John Duncan
|
0-0: Called Strike 0-1: Foul Ball, location: 2F 0-2: Ball 1-2: Foul Ball, location: 2F 1-2: Ball 2-2: Foul Ball, location: 2F 2-2: Ball 3-2: Strikes out swinging
|
| Top of the 5th over - 1 run, 2 hits, 0 errors, 1 left on base; Bozeman 7 - Magic Valley 4 |
| BOTTOM OF THE 5TH |
|
Magic Valley Magicians batting - Pitching for Bozeman Pheasants : RHP Tim Dodd
|
|
Batting: RHB Matt Cimo
|
0-0: Ball 1-0: Ball 2-0: Foul Ball, location: 2F 2-1: Called Strike 2-2: Fly out, F9 (Flyball, 9S, EV 85.6 MPH)
|
|
Batting: RHB Jason Felice
|
0-0: Called Strike 0-1: Ball 1-1: Fly out, F8 (Flyball, 89M, EV 96.9 MPH)
|
|
Batting: RHB Terry Steinbach
|
0-0: Called Strike 0-1: Ball 1-1: DOUBLE (Line Drive, 5D, EV 97.5 MPH)
|
|
Batting: RHB Kevin Ward
|
0-0: Ball 1-0: Ball 2-0: Swinging Strike 2-1: Swinging Strike 2-2: Fly out, F9 (Flyball, 9LS, EV 76.9 MPH)
|
| Bottom of the 5th over - 0 runs, 1 hit, 0 errors, 1 left on base; Bozeman 7 - Magic Valley 4 |
| TOP OF THE 6TH |
|
Bozeman Pheasants batting - Pitching for Magic Valley Magicians : RHP Manny Ramirez
|
|
Batting: LHB Kal Daniels
|
0-0: Fly out, F9 (Flyball, 9LD, EV 104.4 MPH)
|
|
Batting: SHB Marlin Methven
|
0-0: Called Strike 0-1: Ball 1-1: Foul Ball, location: 2F 1-2: Foul Ball, location: 2F 1-2: Ball 2-2: Foul Ball, location: 2F 2-2: SINGLE (Line Drive, 34, EV 98.1 MPH)
|
|
Batting: LHB Fred McGriff
|
0-0: Ball 1-0: Foul Ball, location: 2F 1-1: Ball 2-1: Called Strike 2-2: Foul Ball, location: 2F 2-2: Fielders Choice at 2nd, 3-6 (Groundball, 34S, EV 86.3 MPH)
|
|
Batting: RHB Terry McGriff
|
0-0: Called Strike 0-1: Ball 1-1: Called Strike 1-2: Ball 2-2: Fly out, F7 (Flyball, 8LM, EV 93.1 MPH)
|
| Top of the 6th over - 0 runs, 1 hit, 0 errors, 1 left on base; Bozeman 7 - Magic Valley 4 |
| BOTTOM OF THE 6TH |
|
Magic Valley Magicians batting - Pitching for Bozeman Pheasants : RHP Tim Dodd
|
|
Batting: RHB Hank Landers
|
0-0: Called Strike 0-1: Ball 1-1: Called Strike 1-2: Ball 2-2: Ball 3-2: Foul Ball, location: 2F 3-2: Foul Ball, location: 2F 3-2: Foul Ball, location: 2F 3-2: Fly out, F4 (Flyball, 4D, EV 87.5 MPH)
|
|
Batting: RHB Terry Edwards
|
0-0: Ball 1-0: Ball 2-0: Called Strike 2-1: Ball 3-1: Called Strike 3-2: SINGLE (Groundball, 6MD, EV 108.1 MPH) (infield hit)
|
|
Batting: RHB Kenny Houp
|
0-0: Ball 1-0: Called Strike Terry Edwards steals 2nd base 1-1: Called Strike 1-2: Ball 2-2: Fly out, F9 (Flyball, 89S, EV 90.0 MPH)
|
|
Batting: RHB Willie Lozado
|
0-0: Called Strike 0-1: Ball 1-1: Ball 2-1: SINGLE (Line Drive, 34, EV 97.5 MPH) Terry Edwards to third Runner from 3rd tries for Home, SAFE, throw by RF to home Willie Lozado to second
|
|
Batting: RHB Marlin McPhail
|
0-0: Called Strike 0-1: Ball 1-1: Called Strike 1-2: Foul Ball, location: 2F 1-2: Fly out, F2 (Popup, 23F, EV 80.6 MPH)
|
| Bottom of the 6th over - 1 run, 2 hits, 0 errors, 1 left on base; Bozeman 7 - Magic Valley 5 |
| TOP OF THE 7TH |
|
Bozeman Pheasants batting - Pitching for Magic Valley Magicians : RHP Manny Ramirez
|
|
Batting: LHB Russ Orrick
|
0-0: Ground out U3 (Groundball, 34, EV 80.0 MPH)
|
|
Batting: LHB Billy Fink
|
0-0: Called Strike 0-1: Ball 1-1: Foul Ball, location: 2F 1-2: Fly out, F8 (Flyball, 8LM, EV 95.6 MPH)
|
|
Batting: RHB Tom Duggan
|
0-0: SINGLE (Line Drive, 34D, EV 99.4 MPH)
|
|
Pitching: RHP Larry Beardman
|
|
|
Batting: RHB Greg Toler
|
0-0: Called Strike Tom Duggan is caught stealing 2nd base 2-4
|
| Top of the 7th over - 0 runs, 1 hit, 0 errors, 0 left on base; Bozeman 7 - Magic Valley 5 |
| BOTTOM OF THE 7TH |
|
Magic Valley Magicians batting - Pitching for Bozeman Pheasants : RHP Tim Dodd
|
|
Batting: RHB Matt Cimo
|
0-0: Called Strike 0-1: Called Strike 0-2: Strikes out swinging
|
|
Batting: RHB Jason Felice
|
0-0: Ball 1-0: Ground out 6-3 (Groundball, 6, EV 76.9 MPH)
|
|
Batting: RHB Terry Steinbach
|
0-0: Ball 1-0: Ball 2-0: Ground out 6-3 (Groundball, 6, EV 88.1 MPH)
|
| Bottom of the 7th over - 0 runs, 0 hits, 0 errors, 0 left on base; Bozeman 7 - Magic Valley 5 |
| TOP OF THE 8TH |
|
Bozeman Pheasants batting - Pitching for Magic Valley Magicians : RHP Larry Beardman
|
|
Batting: RHB Greg Toler
|
0-0: Called Strike 0-1: Fly out, F8 (Line Drive, 8LM, EV 85.0 MPH)
|
|
Batting: RHB John Duncan
|
0-0: Ball 1-0: Ground out 5-3 (Groundball, 5L, EV 83.1 MPH)
|
|
Batting: LHB Kal Daniels
|
0-0: Called Strike 0-1: Ball 1-1: Foul Ball, location: 2F 1-2: Ground out 4-3 (Groundball, 4, EV 89.4 MPH)
|
| Top of the 8th over - 0 runs, 0 hits, 0 errors, 0 left on base; Bozeman 7 - Magic Valley 5 |
| BOTTOM OF THE 8TH |
|
Magic Valley Magicians batting - Pitching for Bozeman Pheasants : RHP Tim Dodd
|
|
Batting: RHB Kevin Ward
|
0-0: Ball 1-0: Called Strike 1-1: Foul Ball, location: 2F 1-2: SINGLE (Groundball, 6M, EV 101.9 MPH)
|
|
Pitching: RHP Jose J Bautista
|
|
|
Batting: RHB Hank Landers
|
0-0: Swinging Strike 0-1: Ball 1-1: Foul Ball, location: 2F 1-2: Foul Ball, location: 2F 1-2: Ball 2-2: Fly out, F8 (Flyball, 8RM, EV 88.8 MPH)
|
|
Batting: RHB Terry Edwards
|
0-0: Swinging Strike 0-1: Fly out, F5 (Popup, 25F, EV 90.0 MPH)
|
|
Batting: RHB Kenny Houp
|
0-0: Ball 1-0: Fly out, F5 (Flyball, 5D, EV 86.9 MPH)
|
| Bottom of the 8th over - 0 runs, 1 hit, 0 errors, 1 left on base; Bozeman 7 - Magic Valley 5 |
| TOP OF THE 9TH |
|
Bozeman Pheasants batting - Pitching for Magic Valley Magicians : RHP Larry Beardman
|
|
Batting: SHB Marlin Methven
|
0-0: Called Strike 0-1: Ball 1-1: Ball 2-1: Ball 3-1: Called Strike 3-2: Ground out 5-3 (Groundball, 5, EV 82.5 MPH)
|
|
Batting: LHB Fred McGriff
|
0-0: Foul Ball, location: 2F 0-1: Ball 1-1: Swinging Strike 1-2: Foul Ball, location: 2F 1-2: Fly out, F8 (Line Drive, 8RD, EV 98.8 MPH)
|
|
Batting: RHB Terry McGriff
|
0-0: Ball 1-0: Foul Ball, location: 2F 1-1: Fly out, F4 (Popup, 34, EV 61.3 MPH)
|
| Top of the 9th over - 0 runs, 0 hits, 0 errors, 0 left on base; Bozeman 7 - Magic Valley 5 |
| BOTTOM OF THE 9TH |
|
Magic Valley Magicians batting - Pitching for Bozeman Pheasants : RHP Jose J Bautista
|
|
Batting: RHB Willie Lozado
|
0-0: Fly out, F7 (Line Drive, 7, EV 104.4 MPH)
|
|
Batting: RHB Marlin McPhail
|
0-0: Called Strike 0-1: Ground out 6-3 (Groundball, 6, EV 93.1 MPH)
|
|
Batting: RHB Matt Cimo
|
0-0: Called Strike 0-1: Called Strike 0-2: Ball 1-2: Foul Ball, location: 2F 1-2: Foul Ball, location: 2F 1-2: Strikes out looking
|
| Bottom of the 9th over - 0 runs, 0 hits, 0 errors, 0 left on base; Bozeman 7 - Magic Valley 5 |
|